Map: Dash and Terminal LE (Void)

Players

Beastyqt - Winner!

  • Race: Terran Terran
  • League: Diamond

True

  • Race: Zerg Zerg
  • League: Diamond

VOD

Have the link to the VOD?

Description

Time

  • Played on: Sept. 5, 2015, 4:58 p.m.
  • Length: 15:15
Show
View Real Time Build Order
Export as new Build Order

Beastyqt Terran - Winner!

Build Orders: 1/1/1, Liberator Opening, MMM Bio 

Get SALT Encoding   

  12  0:01  SCV  
  13  0:13  SCV  
  14  0:17  Supply Depot  
  14  0:25  SCV  
  14  0:28  Refinery  
  15  0:39  SCV  
  16  0:45  Barracks  
  16  0:51  SCV  
  17  1:03  SCV  
  18  1:06  Refinery  
  18  1:15  SCV  
  19  1:27  SCV  
  19  1:32  Factory, Marine  
  21  1:39  Orbital Command  
  21  1:46  Supply Depot  
  21  1:50  Marine  
  22  2:06  SCV  
  23  2:12  Marine  
  24  2:16  Starport  
  24  2:18  SCV  
  25  2:30  Supply Depot, SCV  
  25  2:37  Armory, Liberator  
  26  2:42  SCV  
  26  2:43  Barracks Reactor  
  27  2:56  SCV  
  31  3:03  Supply Depot  
  31  3:07  Widow Mine  
  33  3:15  SCV  
  34  3:20  Marine x2, Liberator  
  34  3:25  Supply Depot  
  36  3:41  SCV  
  40  3:42  Marine x2  
  42  3:53  Command Center  
  42  3:56  SCV  
  42  4:02  Marine x2  
  45  4:05  Hellion  
  45  4:08  SCV, Liberator  
  48  4:19  Marine  
  48  4:20  Marine  
  50  4:29  Supply Depot, SCV  
  54  4:41  SCV  
  55  4:50  Factory Tech Lab, Marine x2  
  54  4:52  Supply Depot  
  54  4:54  Barracks  
  54  5:02  SCV  
  54  5:06  Orbital Command  
  55  5:10  Barracks  
  55  5:12  Marine  
  56  5:14  SCV  
  56  5:15  Marine  
  58  5:25  Factory Reactor  
  58  5:26  SCV  
  59  5:34  Engineering Bay  
  61  5:37  SCV  
  61  5:38  SCV  
  61  5:39  Starport Reactor  
  61  5:46  Marine  
  61  5:47  Marine  
  61  5:49  SCV  
  64  5:53  SCV  
  64  5:54  Command Center  
  64  5:56  Marine  
  66  5:57  Stimpack  
  66  5:58  Barracks Reactor  
  66  6:03  SCV  
  67  6:05  SCV  
  68  6:12  Marine x2  
  68  6:13  Widow Mine  
  68  6:14  Widow Mine  
  68  6:15  SCV  
  68  6:17  Supply Depot, SCV  
  76  6:19  Terran Infantry Weapons Level 1  
  76  6:20  Engineering Bay  
  76  6:29  Marine  
  76  6:30  Marine  
  78  6:36  SCV  
  78  6:37  Marine x3  
  82  6:42  SCV  
  82  6:46  Terran Infantry Armor Level 1  
  82  6:47  Marine  
  70  6:48  Marine  
  70  6:49  Barracks  
  70  6:50  Missile Turret, Barracks  
  71  6:55  SCV, Missile Turret  
  71  6:57  Marine x3  
  75  7:04  Missile Turret, Marine  
  75  7:05  Medivac x2  
  77  7:13  SCV, Missile Turret  
  78  7:15  Refinery  
  78  7:16  Refinery  
  78  7:23  Marine  
  78  7:24  Marauder, Marine x2  
  78  7:26  Marine  
  85  7:30  SCV, Widow Mine x2  
  85  7:32  SCV  
  90  7:41  Barracks Reactor x2, Marine  
  90  7:42  SCV  
  90  7:43  Orbital Command  
  92  7:45  Marine  
  92  7:46  Marine x2  
  95  7:56  Marine  
  95  7:58  Combat Shields  
  96  7:59  SCV, Marine  
  96  8:03  Medivac x2, Marine x2  
  101  8:08  Marine  
  101  8:12  Armory  
  102  8:14  Marine  
  102  8:17  SCV x2, Bunker  
  102  8:18  Supply Depot, Marine  
  102  8:19  Marine  
  107  8:20  Marine  
  107  8:21  Marine  
  107  8:26  Supply Depot  
  109  8:27  Marine  
  109  8:29  Marine x2  
  109  8:30  Marine  
  109  8:32  Marine  
  110  8:41  Marine  
  110  8:42  SCV  
  110  8:43  Marine  
  110  8:45  Marine x2  
  110  8:48  Marine  
  111  8:49  SCV, Marine x2  
  111  8:51  Widow Mine x2  
  111  8:52  Medivac x2  
  111  8:53  Marine  
  116  8:56  Marine  
  116  8:59  Marine  
  116  9:01  SCV, Marine  
  114  9:03  Marine  
  114  9:04  Marine  
  114  9:05  Marine  
  114  9:06  Terran Infantry Weapons Level 2, Terran Infantry Armor Level 2  
  114  9:07  Liberator  
  114  9:08  Terran Ship Weapons Level 1  
  117  9:11  Terran Vehicle And Ship Armor Level 1  
  117  9:14  Marauder  
  117  9:17  Concussive Shells, Marine x4  
  118  9:19  Marine  
  123  9:28  Marine x2  
  123  9:30  Missile Turret, Marine  
  129  9:34  Marine  
  129  9:35  Liberator, Marine x2  
  129  9:36  Missile Turret, Marauder  
  133  9:40  Supply Depot  
  133  9:41  Marine  
  133  9:42  SCV  
  135  9:49  Marine  
  135  9:50  Marine x2  
  138  9:56  Marine x2  
  138  10:02  Starport  
  138  10:07  Marine x2  
  138  10:09  Marine x2  
  138  10:10  Marine x3  
  138  10:14  Marine  
  145  10:15  SCV x2  
  145  10:18  SCV  
  145  10:19  Command Center  
  148  10:24  Marine  
  148  10:27  Liberator x2  
  149  10:29  Supply Depot, Refinery  
  149  10:30  Supply Depot, Refinery  
  149  10:31  Supply Depot  
  149  10:32  Marine  
  145  10:46  Starport Reactor  
  145  10:48  SCV x2  
  153  10:50  Marine x2  
  153  10:51  Marauder  
  157  11:02  Marine x5  
  161  11:04  Marine  
  161  11:08  Marine  
  162  11:12  Marauder  
  162  11:13  Marine  
  162  11:20  Marine x2  
  162  11:21  SCV x2  
  162  11:22  Marine x2  
  162  11:24  Terran Infantry Weapons Level 3  
  162  11:25  Terran Infantry Armor Level 3  
  168  11:26  Liberator  
  168  11:32  Missile Turret  
  168  11:40  Liberator  
  168  11:41  Marine x2  
  168  11:42  Marauder, Missile Turret, Marine  
  176  11:47  Missile Turret  
  176  11:56  Missile Turret  
  176  11:57  Marine x2  
  178  12:03  Planetary Fortress, Marauder  
  180  12:09  Marine x3  
  180  12:10  Marine x2  
  180  12:15  Terran Ship Weapons Level 2  
  184  12:19  Refinery  
  184  12:20  Command Center  
  184  12:21  Refinery  
  183  12:34  Liberator x3  
  183  12:36  Marauder, Marine  
  186  12:54  Supply Depot  
  194  13:03  Liberator  
  192  13:15  Marine  
  192  13:17  Liberator x2  
  192  13:18  Marine  
  192  13:19  Marine  
  188  13:21  Marine x2  
  190  13:34  Command Center  
  190  13:38  Missile Turret  
  196  13:46  Barracks  
  196  13:47  Factory, Barracks  
  196  13:49  Factory  
  196  13:50  Barracks  
  196  13:56  Marine x2  
  196  13:57  Marauder  
  196  13:59  Missile Turret  
  200  14:16  Marine  
  198  14:18  SCV  
  198  14:21  Marine  
  198  14:24  Planetary Fortress  
  199  14:42  Marine x2  
  199  14:44  Marine x2  
  199  14:45  Marine x2, Medivac x2  
  194  14:46  Marine x2  
  194  14:47  Barracks Tech Lab x2  
  194  14:48  Marine x2  
  194  14:49  Factory Tech Lab, SCV  
  194  14:51  Factory Tech Lab  
  194  14:52  SCV  
  176  14:58  SCV x2  
Show
View Real Time Build Order
Export as new Build Order

True Zerg 

Build Orders: Hatch First, Lurkers 

Get SALT Encoding   

  12  0:01  Drone  
  13  0:13  Overlord  
  13  0:17  Drone  
  14  0:32  Drone x2  
  16  0:35  Drone  
  17  0:54  Hatchery  
  16  0:58  Drone  
  16  0:59  Drone  
  18  1:07  Extractor  
  17  1:15  Spawning Pool  
  17  1:18  Drone  
  17  1:20  Drone  
  18  1:29  Drone  
  19  1:39  Overlord  
  19  1:52  Drone  
  20  2:00  Drone  
  21  2:02  Queen  
  21  2:05  Queen  
  21  2:07  Drone  
  26  2:11  Drone  
  27  2:19  Overlord  
  27  2:22  Drone  
  28  2:27  Drone  
  29  2:33  Metabolic Boost  
  29  2:34  Drone  
  30  2:37  Queen  
  30  2:39  Drone  
  30  2:44  Pneumatized Carapace  
  33  2:46  Drone  
  33  2:48  Drone  
  35  2:54  Overlord  
  35  3:00  Drone  
  36  3:09  Drone, Spine Crawler  
  36  3:12  Drone x3  
  39  3:13  Drone  
  39  3:14  Drone  
  39  3:15  Drone  
  39  3:17  Drone  
  43  3:21  Drone  
  44  3:30  Overlord  
  44  3:36  Overlord  
  44  3:41  Overlord  
  44  3:51  Overlord  
  44  3:54  Queen x2  
  48  3:59  Spore Crawler  
  48  4:02  Zergling x6  
  50  4:03  Spore Crawler  
  50  4:04  Zergling x6  
  49  4:14  Drone  
  50  4:17  Drone  
  50  4:18  Drone x2  
  52  4:39  Drone x2  
  52  4:41  Drone  
  52  4:42  Drone  
  55  4:50  Lair  
  55  4:51  Overlord, Drone  
  55  4:52  Drone x2  
  58  5:00  Drone x3  
  58  5:01  Drone x4  
  58  5:03  Drone  
  66  5:09  Extractor  
  66  5:11  Drone, Extractor  
  66  5:12  Extractor  
  64  5:14  Queen  
  64  5:19  Drone  
  67  5:29  Hatchery  
  67  5:32  Evolution Chamber  
  67  5:34  Roach Warren  
  64  5:40  Drone x3  
  64  5:41  Drone  
  64  5:42  Overlord  
  68  5:52  Overlord  
  68  5:53  Overlord  
  68  6:00  Zerg Missile Weapons Level 1  
  68  6:05  Spire  
  68  6:07  Zergling x6  
  68  6:08  Zergling x4  
  68  6:09  Zergling x4  
  68  6:10  Zergling x2  
  75  6:12  Zergling x2  
  75  6:13  Zergling x2  
  77  6:19  Queen  
  80  6:33  Overlord  
  80  6:36  Overlord  
  78  6:42  Overlord  
  64  6:47  Drone x6  
  64  6:48  Drone  
  60  7:16  Hatchery, Mutalisk x2  
  60  7:17  Mutalisk x5  
  73  7:27  Drone x4  
  75  7:32  Hydralisk Den  
  75  7:33  Overlord  
  72  7:45  Glial Reconstitution  
  72  7:46  Overlord  
  72  7:57  Zerg Missile Weapons Level 2  
  72  7:58  Lurker Den  
  72  8:00  Drone x3  
  72  8:04  Roach  
  72  8:05  Roach x4  
  81  8:11  Roach x2  
  81  8:12  Roach x2  
  89  8:14  Roach  
  91  8:24  Roach x2  
  95  8:28  Roach  
  95  8:29  Roach x2  
  95  8:30  Roach  
  95  8:34  Roach  
  105  8:37  Roach  
  109  8:41  Overseer, Roach  
  101  8:52  Roach x2  
  101  8:57  Roach x2  
  101  8:58  Roach  
  101  8:59  Roach  
  105  9:04  Overlord  
  105  9:05  Overlord x2  
  105  9:07  Overlord  
  105  9:15  Overlord  
  105  9:22  Overlord x2  
  105  9:23  Hydralisk  
  105  9:24  Hydralisk x2  
  105  9:30  Hydralisk  
  113  9:39  Roach x3  
  113  9:42  Roach  
  113  9:43  Roach  
  123  9:46  Roach  
  123  9:47  Roach  
  127  9:58  Roach x2  
  127  9:59  Roach x3  
  137  10:05  Lurker x3  
  140  10:08  Roach x2  
  140  10:10  Roach  
  146  10:16  Overlord  
  146  10:17  Overlord  
  146  10:19  Roach  
  146  10:22  Overlord  
  146  10:26  Zerg Ground Armor Level 1  
  146  10:40  Lurker  
  147  10:44  Corruptor x2  
  151  10:51  Drone x3  
  151  10:52  Drone  
  151  10:53  Drone x6  
  151  10:54  Extractor  
  151  10:56  Extractor  
  159  10:58  Drone x3  
  162  11:07  Overlord  
  162  11:08  Overlord  
  162  11:11  Overlord  
  162  11:15  Overlord  
  162  11:17  Overlord  
  162  11:20  Overlord  
  162  11:25  Overlord  
  162  11:28  Roach  
  162  11:29  Corruptor x2  
  168  11:33  Corruptor  
  170  11:41  Roach  
  170  11:42  Roach  
  170  11:43  Corruptor  
  170  11:46  Corruptor  
  176  11:50  Corruptor  
  180  11:54  Corruptor  
  180  12:00  Roach x2  
  186  12:01  Hydralisk  
  186  12:07  Roach x2  
  192  12:09  Roach  
  192  12:11  Hydralisk  
  196  12:22  Hatchery  
  195  12:32  Lurker, Hydralisk  
  195  12:33  Hydralisk  
  195  12:36  Burrow  
  200  12:37  Tunneling Claws  
  200  12:42  Zerg Ground Armor Level 2  
  200  12:54  Spore Crawler  
  199  12:59  Lurker  
  197  13:18  Hydralisk x3  
  197  13:19  Hydralisk  
  199  13:21  Lurker  
  200  13:43  Spine Crawler  
  200  13:45  Spine Crawler x2  
  200  13:46  Roach  
  199  13:50  Roach  
  199  13:51  Roach  
  199  13:53  Lurker  
  197  13:59  Roach  
  199  14:07  Roach  
  199  14:09  Roach  
  199  14:13  Roach x2  
  199  14:14  Roach  
  186  14:17  Roach  
  186  14:20  Roach  
  186  14:21  Roach x9  
  177  14:41  Roach x8  
  177  14:45  Roach x2  
  147  14:46  Roach  
  109  14:53  Roach  
  109  14:55  Roach  
Tags
 
Add a new tag
Caveats
  • Supply blocks, unpowered buildings, or Contaminate may cause inaccurate times.
  • Supply counts are checked every 10 seconds.